 Dungeon Crawl Stone Soup version 0.23.2-1-ga50397a (webtiles) character file.

Game seed: 13215008376031174664

64 diana the Skirmisher (level 3, 0/29 HPs)
             Began as a Demonspawn Fighter on May 24, 2019.
             Slain by a goblin (5 damage)
             ... led by Robin
             ... on level 2 of the Dungeon.
             The game lasted 00:01:39 (1151 turns).

diana the Skirmisher (Demonspawn Fighter)           Turns: 1151, Time: 00:01:40

Health: 0/29       AC:  8    Str: 17    XL:     3   Next: 91%
Magic:  3/3        EV:  7    Int:  9    God:
Gold:   140        SH:  9    Dex: 12    Spells: 2/2 levels left

rFire    . . .     SeeInvis .   a - +0 war axe
rCold    . . .     Gourm    .   c - +0 shield
rNeg     . . .     Faith    .   b - +0 scale mail
rPois    .         Spirit   .   (no helmet)
rElec    .         Reflect  .   (no cloak)
rCorr    .         Harm     .   (no gloves)
MR       .....                  (no boots)
Stlth    ..........             (no amulet)
HPRegen  0.09/turn              (no ring)
MPRegen  0.08/turn              (no ring)

@: no status effects
A: thin metallic scales 1
a: no special abilities


You were on level 2 of the Dungeon.
You were very hungry.

You visited 1 branch of the dungeon, and saw 2 of its levels.

You collected 140 gold pieces.

Inventory:

Hand Weapons
 a - a +0 war axe (weapon)
Armour
 b - a +0 scale mail (worn)
 c - a +0 shield (worn)
Scrolls
 e - 2 scrolls of teleportation {unknown}
 g - a scroll of fear {unknown}
 i - 2 scrolls of remove curse {unknown}
 j - 2 scrolls of identify {unknown}
Potions
 d - 2 potions of might
 h - a potion of cancellation {unknown}
 k - 2 potions of brilliance
 l - a potion of curing
 m - 2 potions of resistance {unknown}
Comestibles
 f - 4 rations


   Skills:
 + Level 3.3 Fighting
 * Level 2.6 Axes
 + Level 3.0 Armour
 + Level 1.1 Dodging
 + Level 3.0 Shields


You had 2 spell levels left.
You didn't know any spells.
Your spell library was empty.

Dungeon Overview and Level Annotations

Branches:
Dungeon (2/15)

Altars:
Vehumet

Annotations:
D:2 1 runed translucent door, Crazy Yiuf, Robin, Sigmund


Innate Abilities, Weirdness & Mutations

You are partially covered in thin metallic scales. (AC +2)


Message History

The goblins go into a battle-frenzy!
You block the goblin's attack.
You closely miss the goblin.
The goblin is severely wounded.
You block the goblin's attack.
You hit the goblin.
You kill the goblin!
The goblin unwields a +0 dagger.
The goblin wields a +0 hunting sling.
The goblin shoots a sling bullet.
You block the sling bullet. The goblin barely misses you.
Unknown command.
You hit the goblin but do no damage. You block the goblin's attack.
You miss the goblin. Robin throws the goblin at you!
The goblin closely misses you. The goblin hits you but does no damage.
The goblin hits you.
* * * LOW HITPOINT WARNING * * *
You hit the goblin.
You kill the goblin!
You closely miss the goblin. The goblin hits you.
You die...

## #..# #.# ... ##.##
#.# .... #..# #.# .....
##.# #.#
.....######.####.#######
+..................
#######.###.######
#..##g# ##.##@# #.##†#
#.#gg)...# #.#......#
#.#.....(# #..#+#####
##. #. ##


You could see Robin and 2 goblins.

Vanquished Creatures
  An adder (D:1)
  A worm (D:2)
  4 giant cockroaches
  17 goblins
  6 hobgoblins
  A quokka (D:2)
  4 bats (D:1)
  4 kobolds (D:1)
  8 rats
46 creatures vanquished.

Notes
Turn   | Place    | Note
-------+----------+-------------------------------------------
     0 | D:1      | diana the Demonspawn Fighter began the quest for the Orb.
     0 | D:1      | Reached XP level 1. HP: 18/18 MP: 1/1
    60 | D:1      | Gained mutation: You are partially covered in thin metallic
                  | scales. (AC +2) [demonic ancestry]
    60 | D:1      | Reached XP level 2. HP: 19/24 MP: 2/2
   269 | D:1      | Reached XP level 3. HP: 28/29 MP: 3/3
   626 | D:2      | Found a radiant altar of Vehumet.
   643 | D:2      | Noticed Sigmund
   655 | D:2      | HP: 1/29 [Sigmund/magic dart (5)]
   803 | D:2      | Reached skill level 1 in Dodging
   982 | D:2      | Found a runed translucent door.
   983 | D:2      | Noticed Crazy Yiuf
  1122 | D:2      | Noticed Robin
  1151 | D:2      | Slain by a goblin

Skill      XL: |  1  2  3 |
---------------+----------+-----
Axes           | 2 |  2.6
Armour         | 3 |  3.0
Shields        | 3 |  3.0
Dodging        | 1 |  1.1
Fighting       | |  3.3

Action                   || total
-------------------------++-------
Melee: War axe           ||   126
  Use: Potion            ||     5
Armor: Scale mail        ||    88
Dodge: Dodged            ||    57
Block: Shield            ||    86
